 Dungeon Crawl Stone Soup version 0.31.0-11-ge490571c62 (webtiles) character file.

Game seed: 16399091386645244743

6611 Arctor the Covert (level 10, -7/50 HPs)
             Began as a Deep Elf Fire Elementalist on Feb 6, 2024.
             Was an Initiate of Hepliaklqana.
             Mangled by a yak (15 damage)
             ... on level 10 of the Dungeon.
             The game lasted 00:14:19 (8670 turns).

Arctor the Covert (Deep Elf Fire Elementalist)      Turns: 8670, Time: 00:14:20

Health: -7/50      AC:  6    Str:  5    XL:     10   Next: 71%
Magic:  33/34      EV: 21    Int: 33    God:    Hepliaklqana [......]
Gold:   525        SH:  0    Dex: 17    Spells: 20/27 levels left

rFire   + . .        t - +9 spear "Wishry" {heavy, rC- rN++ Int+8 Dex-4}
rCold   x . .        s - orb "Woekitha" {*channel, +Blink rN+ Will+}
rNeg    + + +        I - +0 robe "Duuvvok" {+Inv Stlth+}
rPois   .            (no helmet)
rElec   .            l - +0 cloak
rCorr   .            y - +1 pair of gloves of Courage {Fly rF+ Dex+6 SInv}
SInv    +            C - +0 pair of boots
Will    +++..        o - amulet of magic regeneration
Stlth   ++++++       k - +5 ring of evasion
HPRegen 0.28/turn    v - ring of magical power
MPRegen 0.64/turn

%: channel magic (20%)
@: enlightened, flying
A: no striking features
a: Renounce Religion, Evoke Blink, Evoke Invisibility


You were on level 10 of the Dungeon.
You worshipped Hepliaklqana.
Hepliaklqana was noncommittal.
You visited 2 branches of the dungeon, and saw 11 of its levels.
You also visited: Bailey.

You collected 525 gold pieces.

Inventory:

Hand Weapons
 t - the +9 spear "Wishry" (weapon) {heavy, rC- rN++ Int+8 Dex-4}
   (You found it on level 3 of the Dungeon)

   Int+8:     It affects your intelligence (+8).
   Dex-4:     It affects your dexterity (-4).
   rC-:       It makes you vulnerable to cold.
   rN++:      It greatly protects you from negative energy.
Missiles
 j - 11 curare-tipped darts
Armour
 a - a +0 robe
 l - a +0 cloak (worn)
 s - the orb "Woekitha" (worn) {*channel, +Blink rN+ Will+}
   (You found it on level 3 of the Dungeon)

   rN+:       It protects you from negative energy.
   Will+:     It increases your willpower.
   +Blink:    It lets you blink.
 y - the +1 pair of gloves of Courage (worn) {Fly rF+ Dex+6 SInv}
   (You found it on level 6 of the Dungeon)

   Dex+6:     It affects your dexterity (+6).
   rF+:       It protects you from fire.
   SInv:      It lets you see invisible.
   Fly:       It grants you flight.
 C - a +0 pair of boots (worn)
 F - +0 steam dragon scales
 H - a +0 pair of gloves of dexterity
 I - the +0 robe "Duuvvok" (worn) {+Inv Stlth+}
   (You found it on level 7 of the Dungeon)

   +Inv:      It lets you turn invisible.
   Stlth+:    It makes you more stealthy.
Jewellery
 k - a +5 ring of evasion (left hand)
 n - a ring of see invisible
 o - an amulet of magic regeneration (around neck)
 v - a ring of magical power (right hand)
 E - a ring of flight
 G - a ring of protection from fire
Wands
 J - a wand of charming (11)
 K - a wand of flame (15)
Scrolls
 c - 2 scrolls of poison
 g - 5 scrolls of immolation
 h - 4 scrolls of amnesia
 i - a scroll of noise
 p - 2 scrolls of teleportation {unknown}
 q - 2 scrolls of enchant armour {unknown}
 z - a scroll of revelation {unknown}
 B - a scroll of blinking {unknown}
 D - 2 scrolls of identify
Potions
 b - 2 potions of magic
 d - a potion of ambrosia
 e - a potion of enlightenment
 f - 2 potions of curing
 m - 4 potions of might {unknown}
 r - a potion of lignification {unknown}
 u - a potion of degeneration {unknown}
 x - a potion of haste {unknown}
 A - a potion of mutation {unknown}


   Skills:
 - Level 8.2 Dodging
 + Level 10.5 Stealth
 - Level 9.1 Spellcasting
 - Level 7.2 Conjurations
 + Level 9.2 Fire Magic
 + Level 4.2 Evocations


You had 20 spell levels left.
You knew the following spells:

 Your Spells              Type           Power      Damage    Failure   Level
a - Foxfire               Conj/Fire      100%       2x1d9     1%          1
b - Scorch                Fire           100%       2d9       1%          2
c - Flame Wave            Conj/Fire      62%        2d14      5%          4

Your spell library contained the following spells:

 Spells                   Type           Power      Damage    Failure   Level
 Inner Flame              Hex/Fire       45%        N/A       6%          3
 Volatile Blastmotes      Fire/Tloc      90%        2d17      6%          3
 Ensorcelled Hibernation  Hex/Ice        30%        N/A       14%         2
 Passwall                 Erth           15%        N/A       24%         3
 Swiftness                Air            15%        N/A       24%         3
 Irradiate                Conj/Alch      19%        3d18      38%         5
 Ignition                 Fire           33%        3d10      100%        8


Dungeon Overview and Level Annotations

Branches:
Dungeon (10/15)            Temple (1/1) D:7          Bailey (visited)
   Lair: D:8-11         Orc: D:9-12

Altars:
Ashenzari
Cheibriados
Dithmenos
Elyvilon
Fedhas
Gozag
Hepliaklqana
Makhleb
Okawaru
Ru
Trog
Uskayaw
Wu Jian
Xom
The Shining One
Lugonu

Shops:
D:4 *   D:6 *


Message History

* * * LOW HITPOINT WARNING * * *
The killer bee closely misses you.
You completely miss the killer bee.
The killer bee is almost dead.
You feel less invigorated.
You feel less confused.
You feel sick.
The killer bee stings you but does no damage.
The killer bee misses you. The yak closely misses you.
The killer bee misses you. The yak gores you.
Casting: Scorch (safe; 1% risk of failure)
Confirm with . or Enter, or press ? or * to list all spells.
Flames lash the killer bee.
You kill the killer bee!
You feel sick. The yak completely misses you.
Casting: Scorch (safe; 1% risk of failure)
Confirm with . or Enter, or press ? or * to list all spells.
Flames lash the yak.
The yak is lightly wounded.
The yak's fire resistance burns away.
Magical energy flows into your mind!
You feel sick. The yak gores you!
* * * LOW HITPOINT WARNING * * *
It was a potion of enlightenment.
You feel more buoyant.
You feel sick.
You are no longer poisoned.
The yak misses you.
It was a potion of curing.
You feel better. The yak closely misses you.
Casting: Scorch (safe; 1% risk of failure)
Confirm with . or Enter, or press ? or * to list all spells.
Flames lash the yak.
The yak is burned terribly!
The yak is heavily wounded.
Magical energy flows into your mind! The yak gores you.
* * * LOW HITPOINT WARNING * * *
Casting: Scorch (safe; 1% risk of failure)
Confirm with . or Enter, or press ? or * to list all spells.
Flames lash the yak.
The yak is burned terribly!
The yak is severely wounded.
The yak gores you!
You die...

#.. .. #..### ...
#....# ..).
#....#######....
#...............
#...............
#.....[Y........
#....<..@††.....
......#######......
#.... ..... ##..
.... #. ... # .. .


You could see a yak (combustible).

Vanquished Creatures
  Harold (D:10)
  An orc knight (Bailey)
  A troll (D:10)
  Prince Ribbit (D:7)
  A hornet (D:8)
  3 yaks
  A steam dragon (D:8)
  3 vampire mosquitoes (D:8)
  2 water moccasins
  8 orc warriors (Bailey)
  An ice beast (D:6)
  2 black bears
  An ogre (D:6)
  A sky beast (D:6)
  2 centaurs
  A phantom (D:5)
  3 kobold brigands
  2 bullfrogs
  A gnoll sergeant (D:7)
  5 scorpions
  4 wights (D:6)
  3 killer bees
  An electric eel (D:8)
  A howler monkey (D:5)
  6 hounds
  A jelly (D:6)
  An orc priest (D:5)
  Crazy Yiuf (D:4)
  4 iguanas
  3 sleepcaps (D:4)
  12 gnolls
  8 adders
  A shadow imp (D:8)
  2 white imps (D:6)
  4 ufetubi
  A dart slug (D:1)
  5 ribbon worms
  22 orcs
  4 bats
  11 endoplasms
  5 giant cockroaches
  12 goblins
  4 hobgoblins (D:4)
  17 kobolds
  3 quokkas
  10 ball pythons
  5 frilled lizards
  A rat (D:2)
193 creatures vanquished.

Vanquished Creatures (collateral kills)
  3 yaks (D:10)
  A centaur (D:10)
  A foxfire (D:4)
5 creatures vanquished.

Vanquished Creatures (others)
  872 foxfires
872 creatures vanquished.

Grand Total: 1070 creatures vanquished

Notes
Turn   | Place    | Note
-------+----------+-------------------------------------------
     0 | D:1      | Arctor the Deep Elf Fire Elementalist began the quest for
                  | the Orb.
     0 | D:1      | Reached XP level 1. HP: 10/10 MP: 6/6
   423 | D:1      | Reached XP level 2. HP: 15/15 MP: 6/8
  1405 | D:2      | Reached skill level 3 in Stealth
  1580 | D:2      | Reached XP level 3. HP: 13/19 MP: 2/9
  1967 | D:2      | Learned a level 2 spell: Scorch
  2778 | D:3      | Reached XP level 4. HP: 23/24 MP: 3/11
  3155 | D:3      | Found an iron altar of Okawaru.
  3193 | D:3      | Identified the orb "Woekitha" {*channel, +Blink rN+ Will+}
  3305 | D:3      | Found a burning altar of Makhleb.
  3427 | D:3      | Identified the +9 spear "Wishry" {heavy, rC- rN++ Int+8
                  | Dex-4}
  3721 | D:4      | Noticed a scorpion
  3725 | D:4      | Reached XP level 5. HP: 28/28 MP: 10/13
  3733 | D:4      | Reached skill level 4 in Stealth
  3832 | D:4      | Reached XP level 6. HP: 32/32 MP: 11/14
  3862 | D:4      | Found Qeroo's Lightly-Used Armoury.
  4024 | D:4      | Found an opulent altar of Gozag.
  4135 | D:4      | Reached skill level 5 in Spellcasting
  4331 | D:4      | Found a runed translucent door.
  4332 | D:4      | Noticed Crazy Yiuf
  4673 | D:4      | Killed Crazy Yiuf
  4722 | D:5      | Entered Level 5 of the Dungeon
  4730 | D:5      | Reached XP level 7. HP: 36/36 MP: 14/16
  4734 | D:5      | Reached skill level 5 in Stealth
  4750 | D:5      | Found a white marble altar of Elyvilon.
  4766 | D:5      | Reached skill level 5 in Fire Magic
  4832 | D:5      | Found a sacrificial altar of Ru.
  5049 | D:5      | Reached skill level 5 in Dodging
  5280 | D:5      | Found a broken altar of Ashenzari.
  5281 | D:5      | Found a blossoming altar of Fedhas.
  5289 | D:5      | Reached XP level 8. HP: 41/41 MP: 15/19
  5302 | D:5      | Found a glowing golden altar of the Shining One.
  5302 | D:5      | Found a shimmering altar of Xom.
  5355 | D:5      | Found an ornate altar of the Wu Jian Council.
  5622 | D:6      | Reached skill level 6 in Stealth
  5647 | D:6      | Found Kuemei Liupp's Serpentskin Sales.
  5668 | D:6      | Identified the +1 pair of gloves of Courage {Fly rF+ Dex+6
                  | SInv}
  5857 | D:6      | Reached skill level 5 in Conjurations
  5959 | D:6      | Learned a level 4 spell: Flame Wave
  5975 | D:6      | Reached skill level 7 in Stealth
  6059 | D:6      | Reached XP level 9. HP: 45/45 MP: 20/22
  6146 | D:6      | Found a hide-covered altar of Uskayaw.
  6353 | D:6      | Found a hazy altar of Hepliaklqana.
  6354 | D:6      | Found a shadowy altar of Dithmenos.
  6405 | D:7      | Identified the +0 robe "Duuvvok" {+Inv Stlth+}
  6406 | D:7      | Noticed Prince Ribbit
  6406 | D:7      | You are sucked into a shaft and drop 2 floors!
  6411 | D:9      | Noticed a torpor snail
  6413 | D:9      | Found a snail-covered altar of Cheibriados.
  6413 | D:9      | Noticed a torpor snail
  6438 | D:9      | Noticed a torpor snail
  6509 | D:9      | Noticed Harold
  6725 | D:8      | Found a flagged portal.
  6765 | D:8      | Paralysed by a hornet for 3 turns
  6851 | D:8      | Found a bloodstained altar of Trog.
  6896 | D:8      | Reached skill level 8 in Stealth
  6995 | Bailey   | Entered a bailey
  7160 | Bailey   | Noticed an orc knight
  7322 | Bailey   | Killed an orc knight
  7361 | Bailey   | Reached XP level 10. HP: 50/50 MP: 24/24
  7632 | D:8      | Reached skill level 9 in Stealth
  7788 | D:7      | Killed Prince Ribbit
  7821 | D:7      | Reached skill level 1 in Evocations
  7872 | D:7      | Found a staircase to the Ecumenical Temple.
  7934 | Temple   | Entered the Ecumenical Temple
  8180 | D:6      | Became a worshipper of Hepliaklqana the Forgotten
  8531 | D:10     | Entered Level 10 of the Dungeon
  8536 | D:10     | Killed Harold
  8541 | D:10     | Reached skill level 10 in Stealth
  8670 | D:10     | Mangled by a yak

Illustrated notes

Levels and vault maps discovered:
D:1:      dpeg_arrival_solitude, layout_basic
D:2:      layout_loops_corners
D:3:      layout_loops_ring, okawaru_trees_2, old_standard_altar
D:4:      layout_basic, grunt_gozag_breadcrumbs, minmay_shop_damaged,
          uniq_crazy_yiuf_cottage
D:5:      nicolae_cairo_tiling, layout_basic, nicolae_wu_jian_glorious_leap,
          nicolae_overflow_crystal_walls,
          chequers_temple_overflow_statue_of_worship, marbit_many_paths
D:6:      layout_gridville, riverfiend_overflow_shadow_ancestor,
          amcnicky_altar_gilded, guppyfry_shop_venom
D:7:      layout_basic, grunt_temple_overflow_magic_moments, zin_statuary,
          minmay_temple_entry_water_ring, minivault_19, uniq_prince_ribbit1
D:8:      layout_rooms, mainiacjoe_overflow_brackets, enter_bailey_3,
          nicolae_kite_square_tiling_tiny
D:9:      layout_small_grid, cheibriados_altar_2, minmay_diamond_spiral,
          uniq_harold
D:10:     layout_irregular_city, gammafunk_temple_overflow_forgotten,
          gammafunk_ghost_hydra_chop, minivault_21
Temple:   nicolae_temple_total_abyssal_victory

Skill      XL: |  1  2  3  4  5  6  7  8  9 10 |
---------------+-------------------------------+-----
Stealth        | 3 4 5 7 8 10 | 10.5
Dodging        | 3 4 5 6 8 |  8.2
Conjurations   | 2 3 4 5 7 |  7.2
Fire Magic     | 4 5 6 7 9 |  9.2
Spellcasting   | 4 5 6 7 8 9 |  9.1
Evocations     | 4 |  4.2

Action                     |  1- 3 |  4- 6 |  7- 9 | 10-12 || total
---------------------------+-------+-------+-------+-------++-------
  Melee: Unarmed           |    31 |       |       |       ||    31
         Punch             |     2 |       |       |       ||     2
         Spear             |       |       |    23 |    14 ||    37
   Cast: Foxfire           |   145 |    98 |   257 |    41 ||   541
         Scorch            |     5 |    27 |    63 |    56 ||   151
    Use: Scroll            |       |     5 |       |     1 ||     6
         Potion            |       |       |       |     3 ||     3
   Stab: Sleeping          |     3 |       |     1 |     1 ||     5
         Distracted        |     1 |       |       |       ||     1
 Armour: Robe              |    17 |     6 |    14 |    27 ||    64
         Steam dragon scal |       |       |    17 |     5 ||    22
  Dodge: Dodged            |    34 |    16 |    78 |   105 ||   233
